[Event "Titled Tuesday Blitz July 25 Late 2023"]
[White "Tikhonov, Viacheslav"]
[Black "jero888"]
[WhiteFideId "44196407"]
[WhiteElo "2505"]
[BlackElo "2331"]
[Result "1-0"]
[Round "4"]
[TimeControl "180+2"]
[Date "2023.07.25"]
[WhiteClock "0:00:24"]
[BlackClock "0:00:12"]
[Board "130"]

1. e4 c5 2. Nf3 d6 3. Nc3 Nf6 4. e5 dxe5 5. Nxe5 Nbd7 6. d4 e6 7. Bg5 Be7 8. Bb5 O-O 9. O-O a6 10. Bxd7 Nxd7 11. Bxe7 Qxe7 12. Nxd7 Bxd7 13. dxc5 Rfd8 14. Qf3 Qxc5 15. Qxb7 Rab8 16. Qxa6 Rxb2 17. Qd3 Rbb8 18. Rfd1 h5 19. Ne4 Qc7 20. Ng5 g6 21. Ne4 Qe5 22. Qf3 Kg7 23. Qc3 Qxc3 24. Nxc3 Rdc8 25. Rxd7 Rxc3 26. Rd2 Rb2 27. a4 Ra3 28. Rdd1 Rba2 29. Rxa2 Rxa2 30. Rc1 Rxa4 31. Kf1 Kf6 32. Ke2 Ke5 33. Kd3 Rd4+ 34. Ke3 Ra4 35. c3 g5 36. h3 f5 37. Kd3 h4 38. c4 Kd6 39. c5+ Kc6 40. Re1 Kxc5 41. Rxe6 Kd5 42. Rg6 Ra3+ 43. Kd2 g4 44. hxg4 fxg4 45. Rxg4 h3 46. g3 Ra1 47. Rh4 Rh1 48. Ke3 Ke5 49. Kf3 Kf5 50. g4+ Kg5 51. Rh5+ Kg6 52. Kg3 Rg1+ 53. Kxh3 Rh1+ 54. Kg3 Ra1 55. f3 Ra3 56. Rf5 Ra6 57. Rf4 Ra1 58. Re4 Rg1+ 59. Kf4 Rh1 60. Re6+ Kf7 61. Rb6 Rh8 62. Kg5 Ra8 63. Rb7+ Kg8 64. f4 Ra5+ 65. f5 Ra6 66. f6 Ra1 67. Kg6 Ra8 68. g5 Rf8 69. Rg7+ Kh8 70. Rh7+ Kg8 71. f7+ Rxf7 72. Rxf7 1-0


[Site "https://www.chess.com"]

[Event "Titled Tuesday Blitz July 25 Late 2023"]
[White "JERO-8914"]
[Black "Korpics, Zsolt"]
[BlackFideId "705241"]
[WhiteElo "2503"]
[BlackElo "2331"]
[Result "0-1"]
[Round "4"]
[TimeControl "180+2"]
[Date "2023.07.25"]
[WhiteClock "0:00:16"]
[BlackClock "0:00:10"]
[Board "131"]

1. d4 Nf6 2. Nf3 e6 3. c4 b6 4. Nc3 Bb7 5. a3 d5 6. cxd5 Nxd5 7. e3 Be7 8. Bb5+ c6 9. Bd3 O-O 10. O-O Nxc3 11. bxc3 c5 12. e4 Nc6 13. d5 exd5 14. exd5 Nb8 15. c4 Bf6 16. Ra2 Nd7 17. Bf4 b5 18. cxb5 Nb6 19. d6 Nd5 20. Bg3 Nc3 21. Qc2 Nxa2 22. Qxa2 Bxf3 23. gxf3 Bh4 24. Qd5 Bxg3 25. hxg3 Qf6 26. Bc4 h5 27. Rd1 h4 28. Kg2 Rfd8 29. d7 Qe7 30. Qf5 Rab8 31. a4 Rb6 32. a5 Rf6 33. Qe4 Rxd7 34. Qa8+ Kh7 35. Rh1 Rh6 36. Qe4+ Qxe4 37. fxe4 Rd4 38. Bd5 hxg3 39. Rxh6+ Kxh6 40. b6 axb6 41. axb6 Rb4 42. b7 c4 43. fxg3 c3 44. Kf3 c2 45. Kf4 c1=Q+ 46. Ke5 Qg5+ 47. Kd6 Qd8+ 48. Kc5 Qb6# 0-1


[Site "https://www.chess.com"]

[Event "Titled Tuesday Blitz July 25 Late 2023"]
[White "only_strong_moves"]
[Black "Hercegovac, Neven"]
[BlackFideId "2839135"]
[WhiteElo "2498"]
[BlackElo "2326"]
[Result "1-0"]
[Round "4"]
[TimeControl "180+2"]
[Date "2023.07.25"]
[WhiteClock "0:01:18"]
[BlackClock "0:00:00"]
[Board "132"]

1. d4 b5 2. Bf4 Bb7 3. e3 a6 4. Nf3 Nf6 5. a4 b4 6. a5 e6 7. Nbd2 c5 8. Nc4 d5 9. Nb6 Ra7 10. c3 Nbd7 11. Na4 c4 12. Be2 Be7 13. O-O Nh5 14. b3 Nxf4 15. exf4 cxb3 16. Qxb3 bxc3 17. Nxc3 O-O 18. Qa4 Nf6 19. Ne5 Ne4 20. Rfc1 f6 21. Nd3 Nxc3 22. Rxc3 Bd6 23. Nc5 Bxf4 24. Nxe6 Bxh2+ 25. Kh1 Bd6 26. Nxd8 1-0


[Site "https://www.chess.com"]

[Event "Titled Tuesday Blitz July 25 Late 2023"]
[White "Fernandez Siles, Luis"]
[Black "Kozusek, Daniel"]
[WhiteFideId "2209420"]
[BlackFideId "349500"]
[WhiteElo "2321"]
[BlackElo "2495"]
[Result "1-0"]
[Round "4"]
[TimeControl "180+2"]
[Date "2023.07.25"]
[WhiteClock "0:00:37"]
[BlackClock "0:01:25"]
[Board "134"]

1. e4 e6 2. d4 d5 3. Nd2 h6 4. Ngf3 Nf6 5. Bd3 c5 6. c3 Nc6 7. O-O cxd4 8. cxd4 dxe4 9. Nxe4 Be7 10. Re1 O-O 11. Nc3 Nb4 12. Bb1 b6 13. Ne5 Bb7 14. Re3 Nbd5 15. Rg3 Kh8 16. Ne4 Nxe4 17. Bxe4 Nc3 18. Bxh6 gxh6 19. Qh5 Bg5 20. Bxb7 Rb8 21. Bf3 Qxd4 22. Rxg5 1-0


[Site "https://www.chess.com"]

[Event "Titled Tuesday Blitz July 25 Late 2023"]
[White "Kukavica, Tony"]
[Black "Ordekalog"]
[WhiteFideId "2062542"]
[WhiteElo "2317"]
[BlackElo "2492"]
[Result "0-1"]
[Round "4"]
[TimeControl "180+2"]
[Date "2023.07.25"]
[WhiteClock "0:00:03"]
[BlackClock "0:00:31"]
[Board "135"]

1. Nf3 d5 2. d4 c5 3. e3 Nf6 4. a3 a6 5. dxc5 Bg4 6. b4 e5 7. Be2 a5 8. Bb2 axb4 9. axb4 Rxa1 10. Bxa1 Bxf3 11. Bxf3 Nc6 12. c3 e4 13. Be2 Be7 14. O-O Ne5 15. Qa4+ Nfd7 16. c4 Nxc4 17. Bxc4 dxc4 18. Rd1 Bf6 19. Bxf6 gxf6 20. Nc3 Ke7 21. Qb5 Qc8 22. Nd5+ Ke6 23. Nf4+ Ke7 24. Qxc4 Ne5 25. Qxe4 Rd8 26. Rxd8 Kxd8 27. Qxh7 Qg4 28. h3 Qd1+ 29. Kh2 Qd2 30. Qh8+ Ke7 31. Qh4 Qb2 32. Nd5+ Ke6 33. Nf4+ Kf5 34. Qg3 Ke4 35. f3+ Kxe3 36. Nd5+ Kd4 37. Nxf6 Kd3 38. Ne4 Nc4 39. h4 Ne3 40. h5 Nf1+ 41. Kh3 Nxg3 42. Kxg3 Qxb4 43. h6 Qd4 44. Ng5 Qxc5 45. f4 Qf5 46. h7 Qf6 47. Kg4 b5 48. Nxf7 Qg7+ 49. Ng5 b4 50. f5 b3 51. f6 Qxf6 52. Kh5 b2 53. g4 b1=Q 54. h8=Q Qh1+ 55. Nh3 Qxh3# 0-1


[Site "https://www.chess.com"]

[Event "Titled Tuesday Blitz July 25 Late 2023"]
[White "whiteglovethief"]
[Black "Tsyhanchuk, Stanislav"]
[BlackFideId "13505130"]
[WhiteElo "2489"]
[BlackElo "2314"]
[Result "0-1"]
[Round "4"]
[TimeControl "180+2"]
[Date "2023.07.25"]
[WhiteClock "0:00:21"]
[BlackClock "0:00:20"]
[Board "136"]

1. d4 Nf6 2. c4 e6 3. Nf3 d5 4. g3 dxc4 5. Bg2 Nc6 6. O-O Rb8 7. a4 a6 8. Nc3 b5 9. axb5 axb5 10. Ne5 Nb4 11. Nc6 Nxc6 12. Bxc6+ Bd7 13. d5 exd5 14. Bxd5 Nxd5 15. Qxd5 Bd6 16. Nxb5 Bxb5 17. Bg5 Qd7 18. Qe4+ Qe6 19. Ra8 O-O 20. Qxe6 fxe6 21. Ra5 Bb4 22. Ra7 Rf7 23. Bf4 Bd6 24. Be3 Bc6 25. Rd1 Rxb2 26. Rc1 Bd5 27. Kf1 c5 28. Ra6 Rd7 29. Ra5 Rc7 30. Ra6 Be7 31. Bf4 Rcb7 32. e4 Bxe4 33. Rxe6 Bd3+ 34. Kg2 Kf7 35. Rce1 Bf6 36. Bd6 Rc2 37. Bxc5 c3 38. Re8 h6 39. Rf8+ Kg6 40. Rc8 Re2 41. Rc1 c2 42. Kf3 Rb1 43. Be3 Rxe3+ 44. Kxe3 Rxc1 45. Kxd3 Bb2 46. Rxc2 Rxc2 47. Kxc2 Bd4 48. f3 Bg1 49. h3 Bh2 50. g4 Kg5 51. Kd3 Kf4 52. Ke2 Kg3 53. Ke3 Kxh3 54. Ke4 Kh4 55. Kf5 Bg1 56. f4 Bd4 57. g5 hxg5 58. fxg5 Kh5 59. Ke4 Ba1 60. Kf5 g6+ 61. Kf4 Bb2 0-1


[Site "https://www.chess.com"]

[Event "Titled Tuesday Blitz July 25 Late 2023"]
[White "Bullen, Alex"]
[Black "Roberson, Peter T"]
[WhiteFideId "1801627"]
[BlackFideId "412384"]
[WhiteElo "2306"]
[BlackElo "2488"]
[Result "0-1"]
[Round "4"]
[TimeControl "180+2"]
[Date "2023.07.25"]
[WhiteClock "0:00:54"]
[BlackClock "0:01:00"]
[Board "137"]

1. e4 e6 2. d4 d5 3. Nc3 Bb4 4. e5 c5 5. Bd2 Ne7 6. a3 Bxc3 7. Bxc3 b6 8. Bb5+ Nbc6 9. Qg4 O-O 10. Nf3 a5 11. h4 Ba6 12. Bxa6 Rxa6 13. Rh3 Nf5 14. h5 h6 15. Bd2 Ncxd4 16. Nxd4 cxd4 17. Rf3 b5 18. Kf1 Rc6 19. c3 dxc3 20. Bxc3 Rc4 21. Rf4 d4 22. Bd2 Rc2 23. Qd1 d3 24. g4 Qh4 25. Kg2 Ne7 26. Bxa5 Nd5 27. Rd4 Qxf2+ 0-1


[Site "https://www.chess.com"]

[Event "Titled Tuesday Blitz July 25 Late 2023"]
[White "Alboredo, Julia"]
[Black "Wang, Alexander J"]
[WhiteFideId "2124807"]
[BlackFideId "30955270"]
[WhiteElo "2483"]
[BlackElo "2305"]
[Result "1-0"]
[Round "4"]
[TimeControl "180+2"]
[Date "2023.07.25"]
[WhiteClock "0:01:28"]
[BlackClock "0:01:46"]
[Board "138"]

1. e4 c5 2. Nf3 d6 3. d4 cxd4 4. Nxd4 Nf6 5. Nc3 g6 6. Be2 Bg7 7. O-O O-O 8. Bg5 Nc6 9. Nb3 h6 10. Bh4 g5 11. Bg3 Be6 12. Re1 Nd7 13. Bf1 Nde5 14. Nd5 Bxd5 15. exd5 f5 16. dxc6 f4 17. cxb7 Rb8 18. Nd4 fxg3 19. hxg3 Qb6 20. Nf3 g4 21. Nd4 Nf3+ 22. Nxf3 gxf3 23. gxf3 Qxb2 24. Rb1 Qxa2 25. Rb4 Qf7 26. Bc4 d5 27. Bxd5 1-0


[Site "https://www.chess.com"]

[Event "Titled Tuesday Blitz July 25 Late 2023"]
[White "Papayan, Oleg"]
[Black "UgarteCesar"]
[WhiteFideId "4193911"]
[WhiteElo "2479"]
[BlackElo "2295"]
[Result "1/2-1/2"]
[Round "4"]
[TimeControl "180+2"]
[Date "2023.07.25"]
[WhiteClock "0:00:25"]
[BlackClock "0:00:18"]
[Board "139"]

1. e4 c5 2. d4 cxd4 3. Qxd4 Nc6 4. Qd3 g6 5. Nc3 Bg7 6. Nf3 d6 7. Be2 Nf6 8. O-O O-O 9. Nd5 Bg4 10. c3 Bxf3 11. Qxf3 Nxd5 12. exd5 Ne5 13. Qe3 Qc7 14. Re1 Bf6 15. Bf1 Rfc8 16. a4 Nc4 17. Qf3 a5 18. Re2 Qc5 19. Qd3 Ne5 20. Qd1 Nc4 21. g3 Qb6 22. Bh3 Rc7 23. Ra2 Qc5 24. Bf4 Nb6 25. Bg2 Nc4 26. b3 Ne5 27. c4 Qb6 28. Be3 Qa6 29. h3 Nd7 30. f4 b6 31. g4 Nc5 32. f5 Rf8 33. Rf2 Qc8 34. Rae2 Rb7 35. Bh6 Re8 36. Be3 Nd7 37. fxg6 hxg6 38. Be4 Ne5 39. Kg2 Kg7 40. Rf1 Rh8 41. g5 Qxh3+ 42. Kg1 Qg4+ 43. Bg2 Bxg5 44. Bd4 Bf4 45. Re4 Bh2+ 46. Kh1 Bf4+ 47. Kg1 Bh2+ 48. Kh1 Bf4+ 49. Kg1 1/2-1/2


[Site "https://www.chess.com"]

[Event "Titled Tuesday Blitz July 25 Late 2023"]
[White "Ankerst, Mihael"]
[Black "marik_spb"]
[WhiteFideId "14602369"]
[WhiteElo "2289"]
[BlackElo "2474"]
[Result "0-1"]
[Round "4"]
[TimeControl "180+2"]
[Date "2023.07.25"]
[WhiteClock "0:00:00"]
[BlackClock "0:00:08"]
[Board "140"]

1. e4 c6 2. d4 d5 3. e5 Bf5 4. Nf3 e6 5. Be2 Nd7 6. O-O a6 7. Nbd2 Ne7 8. Nb3 c5 9. c4 dxc4 10. Bxc4 b5 11. Be2 c4 12. Nbd2 Nd5 13. a4 Be7 14. Re1 O-O 15. Bf1 N7b6 16. axb5 axb5 17. Rxa8 Qxa8 18. h3 Rc8 19. Nh2 b4 20. Qf3 c3 21. bxc3 Rxc3 22. Qh5 Bg6 23. Qg4 h5 24. Qe2 Qa2 25. Qb5 b3 26. Nc4 Nxc4 27. Bxc4 Qc2 28. Qe8+ Bf8 29. Bxd5 b2 30. Bxb2 Qxb2 31. Bf3 Rc1 32. Rxc1 Qxc1+ 33. Nf1 Bd3 34. Kh2 Bxf1 35. d5 Qf4+ 36. Kg1 Bc4 37. d6 Qxe5 38. d7 Bb5 39. d8=Q Bxe8 40. Qxe8 Qe1+ 41. Kh2 Qe5+ 42. g3 Qf6 43. Kg2 g6 44. Qc6 Kg7 45. Qe4 Be7 46. h4 Bc5 47. Qe2 Qd4 48. Be4 f5 49. Bb1 e5 0-1


[Site "https://www.chess.com"]

[Event "Titled Tuesday Blitz July 25 Late 2023"]
[White "Dinu, Dumitru-Daniel"]
[Black "Broca Jimenez, Fernando"]
[WhiteFideId "1208403"]
[BlackFideId "5104742"]
[WhiteElo "2469"]
[BlackElo "2282"]
[Result "1-0"]
[Round "4"]
[TimeControl "180+2"]
[Date "2023.07.25"]
[WhiteClock "0:00:19"]
[BlackClock "0:00:28"]
[Board "141"]

1. d4 g6 2. e4 Bg7 3. Nc3 d6 4. Bc4 Nf6 5. Qe2 O-O 6. e5 dxe5 7. dxe5 Nfd7 8. Nf3 e6 9. Bg5 Qe8 10. O-O a6 11. a4 Nc6 12. Bf4 Nb6 13. Bb3 Bd7 14. Rad1 Na5 15. Rd2 Nxb3 16. cxb3 Bc6 17. Nd4 h6 18. Rc1 Rd8 19. a5 Nd5 20. Nxd5 Rxd5 21. Nxc6 bxc6 22. Rxd5 exd5 23. Qxa6 g5 24. Bg3 Bxe5 25. Bxe5 Qxe5 26. Qxc6 Qxb2 27. a6 Kg7 28. a7 d4 29. Rf1 Qa3 30. Qb7 c5 31. f4 d3 32. fxg5 hxg5 33. a8=Q Qxa8 34. Rxf7+ Rxf7 35. Qxa8 Rd7 36. Qc6 Rd4 37. Qxc5 Rd7 38. Qxg5+ Kf7 39. Qd2 Ke6 40. Kf2 Ke5 41. Ke3 Ke6 42. Qxd3 Rxd3+ 43. Kxd3 1-0


[Site "https://www.chess.com"]

[Event "Titled Tuesday Blitz July 25 Late 2023"]
[White "Georg, Heinz"]
[Black "Ocido, Michael"]
[WhiteFideId "4607295"]
[BlackFideId "115201920"]
[WhiteElo "2277"]
[BlackElo "2461"]
[Result "1-0"]
[Round "4"]
[TimeControl "180+2"]
[Date "2023.07.25"]
[WhiteClock "0:00:04"]
[BlackClock "0:00:00"]
[Board "142"]

1. c4 c5 2. Nc3 Nc6 3. g3 g6 4. Bg2 Bg7 5. a3 a5 6. e3 e6 7. Nge2 Nge7 8. O-O O-O 9. d4 cxd4 10. Nxd4 Nxd4 11. exd4 Qb6 12. d5 d6 13. Be3 Qxb2 14. Bd4 Bxd4 15. Qxd4 e5 16. Qd3 Bf5 17. Be4 Qb6 18. Rab1 Qa6 19. Rb5 Rac8 20. Rfb1 Rc7 21. Bxf5 Nxf5 22. Ne4 Rfc8 23. g4 Nd4 24. Rb6 Qxc4 25. Qxc4 Rxc4 26. Nxd6 Rc1+ 27. Kg2 Rxb1 28. Rxb1 Rd8 29. Ne4 b5 30. g5 Kg7 31. d6 Rd7 32. Rc1 Nf5 33. Rc7 Rd8 34. d7 h6 35. Nf6 hxg5 36. Rc8 Kxf6 37. Rxd8 Ke7 38. Rb8 Kxd7 39. Rxb5 a4 40. Ra5 e4 41. Rxa4 e3 42. fxe3 Nxe3+ 43. Kf3 Nd5 44. Ra7+ Ke6 45. a4 f5 46. a5 g4+ 47. Kf2 g5 48. Rg7 Kf6 49. Rg8 Nb4 50. Rb8 Nd3+ 51. Ke3 Nc5 52. Rb6+ Ke5 53. Rb5 f4+ 54. Kf2 Kd4 55. Rb6 Ne4+ 56. Kf1 g3 57. hxg3 Nxg3+ 58. Kg2 g4 59. Rf6 Ke5 60. Rf8 Nf5 61. a6 f3+ 62. Kf2 Kf4 63. a7 g3+ 64. Ke1 f2+ 65. Ke2 Ke4 66. Rxf5 1-0


[Site "https://www.chess.com"]

[Event "Titled Tuesday Blitz July 25 Late 2023"]
[White "Thiel, Thomas"]
[Black "Grossboss19"]
[WhiteFideId "4615964"]
[WhiteElo "2273"]
[BlackElo "2460"]
[Result "0-1"]
[Round "4"]
[TimeControl "180+2"]
[Date "2023.07.25"]
[WhiteClock "0:00:00"]
[BlackClock "0:00:45"]
[Board "143"]

1. e4 e5 2. Nf3 Nc6 3. d4 exd4 4. Nxd4 Bc5 5. Nxc6 dxc6 6. Qxd8+ Kxd8 7. Bc4 Be6 8. Bxe6 fxe6 9. Nc3 Bd4 10. Bg5+ Ke8 11. Bd2 Nf6 12. f3 b5 13. O-O-O Rd8 14. Ne2 Bb6 15. b3 Kf7 16. c4 a6 17. Kc2 Rd7 18. Bb4 Rhd8 19. Rxd7+ Rxd7 20. Rd1 Rxd1 21. Kxd1 Nd7 22. Bc3 Bc5 23. Nf4 Bd6 24. Nd3 Bxh2 25. Nb4 Nb8 26. Ke2 Bd6 27. Nd3 Nd7 28. Bd4 c5 29. Bc3 c6 30. g4 Nb6 31. Nb2 g6 32. Ba5 Nd7 33. Bc3 h5 34. gxh5 gxh5 35. Kf2 Be5 36. Bxe5 Nxe5 37. a4 Kf6 0-1


[Site "https://www.chess.com"]

[Event "Titled Tuesday Blitz July 25 Late 2023"]
[White "Perske, Thore"]
[Black "Celestino, Rafael Teixeira"]
[WhiteFideId "12902195"]
[BlackFideId "2108925"]
[WhiteElo "2456"]
[BlackElo "2263"]
[Result "1-0"]
[Round "4"]
[TimeControl "180+2"]
[Date "2023.07.25"]
[WhiteClock "0:00:52"]
[BlackClock "0:00:08"]
[Board "144"]

1. d4 Nf6 2. g3 g6 3. Bg2 Bg7 4. e4 d6 5. Ne2 O-O 6. Nbc3 Nc6 7. h3 e5 8. Be3 Ne8 9. Qd2 exd4 10. Nxd4 Nxd4 11. Bxd4 a5 12. a4 c6 13. O-O Be6 14. Rad1 Qc8 15. Kh2 h5 16. b3 Qc7 17. f4 Rd8 18. f5 Bc8 19. f6 Bh8 20. Qf4 c5 21. Nd5 Qd7 22. Qh6 cxd4 23. Ne7+ Qxe7 24. fxe7 Nf6 25. Qxh8+ Kxh8 26. Rxf6 Kg7 27. Rff1 Be6 28. Rxd4 Rc8 29. exf8=B+ Rxf8 30. Rxd6 Rc8 31. c4 Rc7 32. Rfd1 h4 33. g4 Rc5 34. R6d5 Bxd5 35. Rxd5 Rc7 36. Rxa5 Rc6 37. Rb5 Rc7 38. a5 Rd7 39. e5 Kf8 40. Rxb7 Rd2 41. a6 g5 42. a7 Ra2 43. Rb8+ Kg7 44. a8=R Rxa8 45. Rxa8 Kg6 46. Ra6+ Kg7 47. Be4 Kg8 48. Rf6 Kg7 49. Bd5 Kg8 50. Rxf7 Kh8 51. b4 Kg8 52. b5 Kh8 53. b6 Kg8 54. b7 Kh8 55. b8=R# 1-0


[Site "https://www.chess.com"]

[Event "Titled Tuesday Blitz July 25 Late 2023"]
[White "Vaglio Munoz, Jaime"]
[Black "MateoReyes"]
[WhiteFideId "6500145"]
[WhiteElo "2255"]
[BlackElo "2455"]
[Result "0-1"]
[Round "4"]
[TimeControl "180+2"]
[Date "2023.07.25"]
[WhiteClock "0:00:00"]
[BlackClock "0:00:40"]
[Board "145"]

1. Nf3 Nf6 2. c4 g6 3. b3 Bg7 4. Bb2 O-O 5. g3 d6 6. d4 Nc6 7. d5 Nb8 8. Bg2 c6 9. O-O cxd5 10. cxd5 Nbd7 11. Nbd2 b6 12. e4 Ba6 13. Re1 Nc5 14. Nc4 b5 15. Ne3 Ncxe4 16. Nd4 Nc5 17. Nc6 Qd7 18. Nc2 Rfe8 19. b4 Na4 20. Bd4 Bb7 21. Qf3 a6 22. Rac1 Rac8 23. Ne3 e5 24. dxe6 Rxe6 25. Bxf6 Rxf6 26. Qd5 Nb6 27. Qd3 Bxc6 28. Ng4 Re6 29. Rxe6 fxe6 30. Bh3 Nc4 31. Re1 Re8 32. f4 Qf7 33. Nf2 Ba8 34. Ne4 Qb7 35. Bg2 Qb6+ 36. Kh1 Bxe4 37. Bxe4 d5 38. Bxd5 Kh8 39. Bg2 Qf2 40. Rf1 Qxa2 41. Qd7 Rf8 0-1


[Site "https://www.chess.com"]

[Event "Titled Tuesday Blitz July 25 Late 2023"]
[White "Castella Garcia, Fausto"]
[Black "Doluhanova, Evgeniya"]
[WhiteFideId "3501922"]
[BlackFideId "14112035"]
[WhiteElo "2450"]
[BlackElo "2261"]
[Result "1-0"]
[Round "4"]
[TimeControl "180+2"]
[Date "2023.07.25"]
[WhiteClock "0:00:11"]
[BlackClock "0:00:00"]
[Board "146"]

1. e4 c5 2. Nf3 d6 3. d4 cxd4 4. Nxd4 Nf6 5. Nc3 a6 6. Bg5 Nbd7 7. Qe2 Qb6 8. O-O-O e6 9. f4 h6 10. Bh4 Be7 11. Bf2 Qc7 12. g3 b5 13. Bg2 Bb7 14. a3 Rc8 15. Kb1 Nc5 16. Bf3 Nfd7 17. Rhe1 Nb6 18. e5 d5 19. f5 Nba4 20. Nxa4 Nxa4 21. fxe6 Nxb2 22. exf7+ Kxf7 23. Bh5+ Kg8 24. Bg4 Qc3 25. Be6+ Kh7 26. Qg4 Rhf8 27. Bf5+ Kh8 28. Ne6 g5 29. Bd4 Nxd1 30. Bxc3 Nxc3+ 31. Ka1 Bxa3 32. Qh5 1-0


[Site "https://www.chess.com"]

[Event "Titled Tuesday Blitz July 25 Late 2023"]
[White "Toncheva, Nadya"]
[Black "Sariego Figueredo, Wilfredo"]
[WhiteFideId "2924056"]
[BlackFideId "3500080"]
[WhiteElo "2449"]
[BlackElo "2242"]
[Result "1-0"]
[Round "4"]
[TimeControl "180+2"]
[Date "2023.07.25"]
[WhiteClock "0:00:07"]
[BlackClock "0:00:29"]
[Board "147"]

1. d4 d5 2. c4 c6 3. Nc3 Nf6 4. e3 a6 5. Nf3 e6 6. Bd3 dxc4 7. Bxc4 b5 8. Bd3 Be7 9. a4 b4 10. Ne4 Bb7 11. O-O O-O 12. Qe2 a5 13. Rd1 Ba6 14. Nc5 Bxd3 15. Nxd3 Na6 16. b3 Qc7 17. Bb2 Rfd8 18. Rac1 Qb6 19. Nfe5 Rac8 20. Nc4 Qc7 21. h3 Nb8 22. Nce5 Qb6 23. Nc5 Bxc5 24. dxc5 Qc7 25. Nc4 Nbd7 26. Nd6 Ra8 27. Qc4 Nd5 28. e4 N5f6 29. Rd3 Ne8 30. Rcd1 Nxd6 31. Rxd6 Nf6 32. Bxf6 gxf6 33. Qd4 Rxd6 34. cxd6 Qd8 35. Qc5 Qd7 36. Rd3 Kh8 37. Rf3 Kg7 38. e5 f5 39. Qe3 Kh8 40. Rg3 Rg8 41. Rxg8+ Kxg8 42. Qg5+ Kh8 43. Qe7 Qc8 44. d7 Qxd7 45. Qxd7 Kg7 46. Qxc6 h5 47. Qb6 h4 48. Qxa5 f6 49. exf6+ Kxf6 50. Qxb4 Ke5 51. Qxh4 f4 52. Qh8+ Ke4 53. h4 e5 54. h5 Kd3 55. h6 e4 56. h7 e3 57. fxe3 fxe3 58. Qe8 Kd2 59. h8=Q e2 60. Qd4+ Ke1 61. Qf2+ Kd2 62. Qexe2+ Kc3 63. Qc2+ Kb4 64. Qc4+ Ka3 65. Qfc5+ Ka2 66. b4+ Ka1 67. Qc3+ Kb1 68. Qf5+ Ka2 69. Qfc2# 1-0


[Site "https://www.chess.com"]

[Event "Titled Tuesday Blitz July 25 Late 2023"]
[White "Balla, Tamas-Kristof"]
[Black "Sarkar, Justin"]
[WhiteFideId "1208497"]
[BlackFideId "2010011"]
[WhiteElo "2445"]
[BlackElo "2238"]
[Result "1-0"]
[Round "4"]
[TimeControl "180+2"]
[Date "2023.07.25"]
[WhiteClock "0:01:25"]
[BlackClock "0:00:00"]
[Board "148"]

1. e4 c5 2. c3 d5 3. exd5 Qxd5 4. d4 Bf5 5. Nf3 Nc6 6. Be3 cxd4 7. cxd4 e6 8. Nc3 Bb4 9. Be2 Nge7 10. O-O Bxc3 11. bxc3 O-O 12. Qd2 Rfd8 13. h3 Rac8 14. Rfd1 Na5 15. Bd3 Bxd3 16. Qxd3 Nc4 17. Nd2 Nxd2 18. Qxd2 Nf5 19. Rac1 Nh4 20. f3 f6 21. Bf2 Nf5 22. Qd3 Nd6 23. Re1 b6 24. Qe2 Re8 25. Bg3 Nc4 26. Kh1 h5 27. Rb1 Rc6 28. a4 Rec8 29. Rb5 Qd7 30. Rxh5 Na5 31. Qd3 1-0


[Site "https://www.chess.com"]

[Event "Titled Tuesday Blitz July 25 Late 2023"]
[White "Cardozo Munar, Carlos Eduardo"]
[Black "Rangel, Daniel"]
[WhiteFideId "4409477"]
[BlackFideId "2124475"]
[WhiteElo "2248"]
[BlackElo "2445"]
[Result "1-0"]
[Round "4"]
[TimeControl "180+2"]
[Date "2023.07.25"]
[WhiteClock "0:00:11"]
[BlackClock "0:00:09"]
[Board "149"]

1. d4 Nf6 2. Bg5 g6 3. Bxf6 exf6 4. g3 Bg7 5. e3 O-O 6. Bg2 d6 7. Nd2 c6 8. Ne2 h5 9. O-O h4 10. c4 Bg4 11. Re1 Re8 12. Qb3 Qc7 13. Nf4 Na6 14. Rac1 Bf5 15. a3 Re7 16. c5 d5 17. Bf1 Bh6 18. Bd3 Bxf4 19. exf4 Bxd3 20. Qxd3 Rae8 21. Nf3 hxg3 22. hxg3 Kg7 23. Kg2 Rxe1 24. Rxe1 Rxe1 25. Nxe1 Qe7 26. Qe3 Qd7 27. f3 Qf5 28. Nd3 Nc7 29. g4 Qd7 30. b4 Nb5 31. g5 fxg5 32. fxg5 Qf5 33. a4 Na3 34. Kg3 Nc2 35. Qe5+ Qxe5+ 36. dxe5 Nd4 37. f4 Kf8 38. Kg4 Nf5 39. Nf2 Ke7 40. Kf3 Ke6 41. Ke2 Nd4+ 42. Kd3 Nf5 43. Ng4 Ng7 44. Ke3 Nh5 45. b5 Kf5 46. Nh6+ Ke6 47. b6 a5 48. Ng4 Ng7 49. Nf6 Nf5+ 50. Kd3 Ne7 51. Ne8 Kd7 52. Nd6 Nc8 53. Nxb7 Ne7 54. Nxa5 Kc8 55. Nb3 Kb7 56. a5 Nf5 57. Kc3 Ka6 58. Kb4 Ne3 59. Nd4 Nc4 60. e6 fxe6 61. Nxc6 Nxa5 62. Nxa5 d4 63. Nc4 d3 64. c6 d2 65. Nxd2 Kxb6 66. Nc4+ Kxc6 67. Ne5+ Kd5 68. Nxg6 Ke4 69. Kc5 Kf5 70. Kd6 Kxg6 71. Kxe6 Kg7 72. f5 Kh7 73. Ke7 Kg8 74. f6 Kh8 75. g6 Kg8 76. f7+ Kg7 77. f8=Q+ Kxg6 78. Qf6+ Kh7 79. Qg5 Kh8 80. Kf7 1-0


[Site "https://www.chess.com"]

[Event "Titled Tuesday Blitz July 25 Late 2023"]
[White "De Souza, Cristiano Gomes"]
[Black "Szyszylo, Rafal"]
[WhiteFideId "2151758"]
[BlackFideId "1109626"]
[WhiteElo "2230"]
[BlackElo "2442"]
[Result "0-1"]
[Round "4"]
[TimeControl "180+2"]
[Date "2023.07.25"]
[WhiteClock "0:00:47"]
[BlackClock "0:00:31"]
[Board "150"]

1. d4 d6 2. c4 g6 3. Nf3 Bg7 4. Nc3 Nf6 5. e4 O-O 6. Be2 Nbd7 7. O-O e5 8. Be3 h6 9. h3 exd4 10. Nxd4 Nc5 11. Qc2 Re8 12. Bf3 a5 13. b3 c6 14. Rfe1 Nh7 15. Rad1 Ng5 16. Bxg5 Qxg5 17. Kh1 Be5 18. Nde2 Qh4 19. Kg1 g5 20. a3 h5 21. b4 axb4 22. axb4 Na6 23. g3 Qxh3 24. Bg2 Qe6 25. Qb3 Qg6 26. f4 gxf4 27. gxf4 Bh3 28. Rd3 Qxg2# 0-1


[Site "https://www.chess.com"]

[Event "Titled Tuesday Blitz July 25 Late 2023"]
[White "Alexikov, Alexander"]
[Black "Ismayil, Malak"]
[WhiteFideId "14103958"]
[BlackFideId "13412604"]
[WhiteElo "2227"]
[BlackElo "2440"]
[Result "0-1"]
[Round "4"]
[TimeControl "180+2"]
[Date "2023.07.25"]
[WhiteClock "0:00:00"]
[BlackClock "0:00:28"]
[Board "151"]

1. e4 e5 2. Nf3 Nc6 3. c3 Nf6 4. d4 d6 5. Bb5 Bd7 6. O-O Be7 7. Re1 O-O 8. Ba4 Re8 9. h3 h6 10. Nbd2 Bf8 11. Bc2 g6 12. a3 Bg7 13. d5 Ne7 14. c4 c6 15. Bd3 Rb8 16. b4 b5 17. dxc6 Bxc6 18. cxb5 Bxb5 19. Bxb5 Rxb5 20. Qe2 Rb8 21. Bb2 a5 22. b5 a4 23. Bc3 Qb6 24. Rab1 Rec8 25. Qd3 Qc5 26. Bb4 Qxb5 27. Qxb5 Rxb5 28. Bxd6 Rxb1 29. Rxb1 Nc6 30. Nxe5 Nxe5 31. Bxe5 Re8 32. Bxf6 Bxf6 33. Rb6 Be7 34. Ra6 Bxa3 35. Rxa4 Bc5 36. Kf1 Rd8 37. Ke2 Kg7 38. Rc4 Bd4 39. f4 Bb6 40. g4 Ra8 41. Rb4 Bc5 0-1


[Site "https://www.chess.com"]

[Event "Titled Tuesday Blitz July 25 Late 2023"]
[White "Ardila, Oscar Humberto"]
[Black "Ladan, Nicholas"]
[WhiteFideId "4404742"]
[BlackFideId "30918855"]
[WhiteElo "2227"]
[BlackElo "2436"]
[Result "0-1"]
[Round "4"]
[TimeControl "180+2"]
[Date "2023.07.25"]
[WhiteClock "0:00:00"]
[BlackClock "0:00:16"]
[Board "152"]

1. d4 e6 2. Nf3 Nf6 3. Bg5 d5 4. Nbd2 Be7 5. c3 b6 6. g3 Bb7 7. Bg2 c5 8. e3 Nbd7 9. O-O O-O 10. Re1 h6 11. Bxf6 Nxf6 12. Ne5 a5 13. f4 b5 14. Qe2 Qb6 15. g4 Rfd8 16. h4 Ne4 17. Nxe4 dxe4 18. g5 hxg5 19. hxg5 g6 20. Kf2 Kg7 21. Rh1 Rh8 22. Qg4 b4 23. Nd7 Qb5 24. Nf6 bxc3 25. bxc3 Qb2+ 26. Kg3 Qd2 27. Rxh8 Qxe3+ 28. Qf3 Qxf3+ 29. Bxf3 Rxh8 30. Bxe4 Ba6 31. d5 Bxf6 32. gxf6+ Kxf6 33. d6 Rd8 34. Rd1 Bc4 35. a3 e5 36. Bf3 exf4+ 37. Kxf4 g5+ 38. Ke3 Ke5 39. d7 f5 40. Bc6 f4+ 41. Kf3 g4+ 42. Kxg4 Be2+ 43. Kh4 Bxd1 44. Kg5 f3 45. Kh4 f2 46. Kg3 f1=Q 0-1


[Site "https://www.chess.com"]